[Event "Titled Tuesday Blitz August 16 Early 2022"]
[White "Koniahli, Malek."]
[Black "Reprintsev, Alexander"]
[WhiteFideId "7603495"]
[BlackFideId "14100541"]
[WhiteElo "2097"]
[BlackElo "2108"]
[Result "0-1"]
[Round "07"]
[TimeControl "180+2"]
[Date "2022.08.18"]
[WhiteClock "0:00:00"]
[BlackClock "0:00:00"]

1. e4 d5 2. Nf3 dxe4 3. Ng5 e5 4. Nxe4 f5 5. Ng3 Be6 6. Nc3 Nc6 7. Bb5 Qf6 8. O-O Ne7 9. d3 O-O-O 10. f4 e4 11. Qe1 Nd4 12. dxe4 Nxc2 13. e5 Qf7 14. Qf2 Nxa1 15. Qxa7 Nc6 16. Bxc6 bxc6 17. Qa8+ Kd7 18. Rd1+ Bd5 19. Qa5 Ke8 20. Qa4 Bc5+ 21. Kh1 Ke7 22. Bd2 Ra8 23. Nxd5+ Qxd5 24. Nxf5+ Kf7 25. Ba5 Rxa5 26. e6+ Kf6 27. Rxd5 Rxa4 28. Rxc5 Rxf4 29. Ne3 Kxe6 30. g3 Re4 31. Nf5 g6 32. Nh4 Kd6 33. Rc1 Rf8 34. Rxa1 Rf2 35. Rd1+ Ke7 36. Ng2 Ree2 37. Nf4 Rxh2+ 38. Kg1 Rxb2 39. Re1+ Kf7 40. Rf1 Kg8 41. Rd1 Rhd2 42. Re1 g5 43. Nh5 Kf7 44. g4 Rg2+ 45. Kh1 Rh2+ 46. Kg1 Rbg2+ 47. Kf1 Rh1+ 48. Kxg2 Rxe1 49. Ng3 Ra1 50. Kf3 Rxa2 51. Ke4 h6 52. Nf5 Ra4+ 53. Kf3 Rf4+ 54. Kg3 Rxf5 55. gxf5 Kf6 56. Kg4 c5 57. Kf3 Kxf5 58. Ke3 h5 59. Kf2 h4 60. Kg2 c4 61. Kh2 c3 62. Kg2 c2 63. Kh2 c1=Q 64. Kh3 Qe3+ 65. Kg2 g4 66. Kh2 Qd2+ 67. Kh1 Kf4 68. Kg1 Kf3 69. Kh1 Qg2# 0-1


[Site "https://www.chess.com"]

[Event "Titled Tuesday Blitz August 16 Early 2022"]
[White "Kotepalli, Sai Nirupama"]
[Black "Floresvillar Gonzalez, Luis Migu"]
[WhiteFideId "5039444"]
[BlackFideId "5100542"]
[WhiteElo "1910"]
[BlackElo "2040"]
[Result "1-0"]
[Round "07"]
[TimeControl "180+2"]
[Date "2022.08.18"]
[WhiteClock "0:00:00"]
[BlackClock "0:00:00"]

1. e4 e6 2. d3 d5 3. Nd2 c5 4. Ngf3 Nc6 5. g3 Be7 6. Bg2 Nf6 7. O-O Qc7 8. Qe2 O-O 9. c3 d4 10. cxd4 Nxd4 11. Nxd4 cxd4 12. f4 e5 13. fxe5 Bg4 14. Bf3 Bxf3 15. Nxf3 Ng4 16. Bf4 h5 17. h3 Ne3 18. Bxe3 dxe3 19. Qxe3 Rfd8 20. d4 Qb6 21. Rf2 h4 22. gxh4 Rd7 23. Rg2 Rad8 24. Kh1 Bf8 25. Rag1 Qe6 26. Rg3 Qxa2 27. d5 Qxb2 28. h5 Qb6 29. Qf4 Kh8 30. h6 Qxh6 31. Qf5 g6 32. Qg4 Bg7 33. Ng5 Re7 34. e6 fxe6 35. Nxe6 Rde8 36. Qxg6 Qxg6 37. Rxg6 Be5 38. R1g5 Bg7 39. Rxg7 Rxg7 40. Nxg7 Rxe4 41. Ne6 Re3 42. Kg2 Rd3 43. h4 a5 44. h5 a4 45. Nf4 Rd4 46. Kf3 a3 47. Rg2 b5 48. Re2 b4 49. Re8+ Kh7 50. Re7+ Kh6 51. Re6+ Kg5 52. Rg6+ 1-0


[Site "https://www.chess.com"]

[Event "Titled Tuesday Blitz August 16 Early 2022"]
[White "Lakshmi C"]
[Black "Kostiukov, Alexandr"]
[WhiteFideId "25035347"]
[BlackFideId "14108100"]
[WhiteElo "1775"]
[BlackElo "2202"]
[Result "0-1"]
[Round "07"]
[TimeControl "180+2"]
[Date "2022.08.18"]
[WhiteClock "0:00:00"]
[BlackClock "0:00:00"]

1. e4 c5 2. Nf3 g6 3. d4 cxd4 4. Nxd4 Bg7 5. Be3 Nc6 6. Nc3 Nf6 7. Bc4 Qa5 8. O-O O-O 9. Bb3 Ng4 10. Qxg4 Nxd4 11. Nd5 Qd8 12. Qh4 e6 13. Qxd8 Rxd8 14. Bg5 Rf8 15. Nc7 Rb8 16. Be7 Be5 17. Bxf8 Kxf8 18. Nd5 exd5 19. Bxd5 Nxc2 20. Rac1 Nd4 21. Rfe1 Nc6 22. g3 Bxb2 23. Rb1 Bd4 24. Kg2 b6 25. f4 Bc5 26. Rec1 Bb7 0-1


[Site "https://www.chess.com"]

[Event "Titled Tuesday Blitz August 16 Early 2022"]
[White "Lauridsen, Jesper Morch"]
[Black "Agasarov, Benik"]
[WhiteFideId "1401890"]
[BlackFideId "13314823"]
[WhiteElo "2221"]
[BlackElo "2152"]
[Result "0-1"]
[Round "07"]
[TimeControl "180+2"]
[Date "2022.08.18"]
[WhiteClock "0:00:00"]
[BlackClock "0:00:00"]

1. f4 e5 2. e4 d5 3. exd5 c6 4. Nc3 cxd5 5. Bb5+ Nc6 6. fxe5 d4 7. Ne4 Qd5 8. Qe2 Bf5 9. Ng3 d3 10. Bxc6+ bxc6 11. cxd3 Bxd3 12. Qf3 Qxe5+ 13. Kd1 Qd5 14. Qe3+ Be7 15. Nf3 Kf8 16. Ne5 Rd8 17. Nxd3 Qxd3 18. Qxd3 Rxd3 19. Kc2 Rd7 20. d3 Nf6 21. Bg5 Nd5 22. Bxe7+ Rxe7 23. Rad1 Ne3+ 24. Kc3 Nxd1+ 25. Rxd1 g6 26. Ne4 f5 27. Nc5 Kg7 28. d4 Rd8 29. b3 Re2 30. a4 Rd5 31. g3 Rxh2 32. Re1 Kf7 33. Ne6 Rg2 34. Ng5+ Kf6 35. Nxh7+ Kg7 36. Ng5 Rxg3+ 37. Kc4 Rxg5 38. Re7+ Kf6 39. Rxa7 Rg4 40. Rc7 Rgxd4+ 41. Kc3 Rd3+ 42. Kb2 c5 43. a5 c4 44. Rc6+ Kg5 45. a6 Rxb3+ 46. Ka2 Ra5# 0-1


[Site "https://www.chess.com"]

[Event "Titled Tuesday Blitz August 16 Early 2022"]
[White "Legenia, Artem"]
[Black "Cramling Bellon, Anna"]
[WhiteFideId "14136945"]
[BlackFideId "32009232"]
[WhiteElo "1936"]
[BlackElo "1905"]
[Result "0-1"]
[Round "07"]
[TimeControl "180+2"]
[Date "2022.08.18"]
[WhiteClock "0:00:00"]
[BlackClock "0:00:00"]

1. d4 Nf6 2. Bf4 d5 3. e3 c5 4. c3 Nc6 5. Nd2 cxd4 6. exd4 Bf5 7. Ngf3 e6 8. h3 Be7 9. Be2 O-O 10. O-O h6 11. Ne5 Nxe5 12. Bxe5 Nd7 13. Bh2 Qb6 14. Qb3 a5 15. Bb5 Bc2 16. Qxc2 Qxb5 17. a4 Qc6 18. Nf3 b5 19. axb5 Qxb5 20. Rfb1 a4 21. Ne5 Nxe5 22. Bxe5 Rfc8 23. Ra2 Qb3 24. Qxb3 axb3 25. Rxa8 Rxa8 26. Kf1 Ra2 27. Ke2 Ba3 28. Kd3 Rxb2 29. Rxb2 Bxb2 30. c4 f6 31. Bd6 Bxd4 32. c5 b2 33. Kc2 Kf7 34. c6 Ke8 35. f3 e5 36. Bb4 Kd8 37. Bd6 Kc8 38. Kb1 h5 39. g4 hxg4 40. hxg4 g6 41. Kc2 f5 42. gxf5 gxf5 43. f4 exf4 44. Bxf4 Bf6 45. Be3 d4 46. Bf4 d3+ 47. Kb1 d2 48. Bxd2 Kc7 49. Bb4 Kxc6 50. Ba3 Kd5 51. Bxb2 Bxb2 52. Kxb2 Ke4 53. Kc2 Ke3 54. Kd1 Kf2 55. Kd2 f4 56. Kd3 f3 57. Ke4 Kg2 58. Ke3 f2 0-1


[Site "https://www.chess.com"]

[Event "Titled Tuesday Blitz August 16 Early 2022"]
[White "Lehtosaari, Mauri"]
[Black "Santeramo, Alessia Carmen"]
[WhiteFideId "501999"]
[BlackFideId "850810"]
[WhiteElo "2200"]
[BlackElo "2041"]
[Result "1-0"]
[Round "07"]
[TimeControl "180+2"]
[Date "2022.08.18"]
[WhiteClock "0:00:00"]
[BlackClock "0:00:00"]

1. Nf3 Nf6 2. c4 e6 3. Nc3 d5 4. cxd5 exd5 5. d4 c6 6. Bg5 Bf5 7. e3 Nbd7 8. Be2 Be7 9. O-O O-O 10. Nh4 Bg6 11. Nxg6 hxg6 12. Rb1 Re8 13. b4 a6 14. a4 Nf8 15. b5 axb5 16. axb5 Ne6 17. Bh4 c5 18. dxc5 d4 19. exd4 Nxd4 20. Bf3 Ra3 21. Bxf6 gxf6 22. Ne4 f5 23. Nd6 Nxf3+ 24. gxf3 Bxd6 25. cxd6 Re6 26. d7 Re7 27. Qd6 Rxf3 28. Rfd1 Rc3 29. Qxe7 Qxe7 30. d8=Q+ 1-0


[Site "https://www.chess.com"]

[Event "Titled Tuesday Blitz August 16 Early 2022"]
[White "Leve, Nitai"]
[Black "Sailer, Mike"]
[WhiteFideId "2006898"]
[BlackFideId "2012901"]
[WhiteElo "2144"]
[BlackElo "2109"]
[Result "1-0"]
[Round "07"]
[TimeControl "180+2"]
[Date "2022.08.18"]
[WhiteClock "0:00:00"]
[BlackClock "0:00:00"]

1. e4 d5 2. exd5 Qxd5 3. Nc3 Qd6 4. h3 Nf6 5. d4 c6 6. Nf3 Bf5 7. Bg5 e6 8. Bd3 Bxd3 9. Qxd3 Nbd7 10. O-O-O Be7 11. Bh4 Nh5 12. Bxe7 Qxe7 13. g4 Nf4 14. Qe4 Nd5 15. Nxd5 cxd5 16. Qf4 Nf6 17. Ne5 Rc8 18. f3 O-O 19. h4 Nd7 20. g5 Nxe5 21. Qxe5 Qc7 22. Qxc7 Rxc7 23. Rhf1 Rfc8 24. Rd2 b5 25. f4 g6 26. h5 Kf8 27. Kb1 Ke7 28. c3 a5 29. a3 Rc4 30. Re2 b4 31. axb4 axb4 32. cxb4 Rxd4 33. f5 gxf5 34. Rxf5 Rxb4 35. Rxd5 Rcb8 36. Rc5 R4b5 37. Rc7+ Kf8 38. g6 hxg6 39. hxg6 fxg6 40. Kc1 e5 41. Rh2 Kg8 42. Rg2 R8b6 43. Rd2 1-0


[Site "https://www.chess.com"]

[Event "Titled Tuesday Blitz August 16 Early 2022"]
[White "Malyi, Viacheslav"]
[Black "Kosteniuk, Alexandra"]
[WhiteFideId "14123983"]
[BlackFideId "4128125"]
[WhiteElo "2391"]
[BlackElo "2521"]
[Result "1-0"]
[Round "07"]
[TimeControl "180+2"]
[Date "2022.08.18"]
[WhiteClock "0:00:00"]
[BlackClock "0:00:00"]

1. e4 c6 2. d4 d5 3. Nc3 dxe4 4. Nxe4 Nf6 5. Nxf6+ exf6 6. Nf3 Bd6 7. Bd3 O-O 8. O-O Bg4 9. h3 Be6 10. c3 Re8 11. Nh4 Nd7 12. Nf5 Bxf5 13. Bxf5 Nf8 14. Qf3 Qc7 15. Bd2 Ng6 16. g3 a5 17. Rfe1 a4 18. Rxe8+ Rxe8 19. Re1 Rxe1+ 20. Bxe1 Qb6 21. Qe2 Ne7 22. Be4 f5 23. Bf3 Qd8 24. Kg2 Qd7 25. c4 Ng6 26. Bc3 f4 27. c5 Be7 28. Qe4 fxg3 29. fxg3 Bf6 30. d5 Bxc3 31. bxc3 Ne7 32. d6 Nf5 33. Bg4 g6 34. Bxf5 gxf5 35. Qe7 1-0


[Site "https://www.chess.com"]

[Event "Titled Tuesday Blitz August 16 Early 2022"]
[White "Martinez Alcantara, Jose Eduardo"]
[Black "Drygalov, Sergey"]
[WhiteFideId "3805662"]
[BlackFideId "24171743"]
[WhiteElo "2703"]
[BlackElo "2523"]
[Result "1-0"]
[Round "07"]
[TimeControl "180+1"]
[Date "2022.08.16"]
[WhiteClock "0:00:04"]
[BlackClock "0:00:02"]

1. e4 c5 2. Nf3 d6 3. c3 Nf6 4. h3 g6 5. Bd3 Bg7 6. Bc2 O-O 7. d4 Nbd7 8. O-O Qc7 9. Be3 b6 10. Nbd2 Ba6 11. Re1 Rac8 12. Rc1 e5 13. d5 c4 14. Nf1 Nh5 15. Bb1 Nc5 16. Qd2 Rce8 17. g4 Nf6 18. Ng3 Nfd7 19. Kh2 Rc8 20. Rg1 Qd8 21. Bc2 Bf6 22. Rcf1 Nd3 23. Bxd3 cxd3 24. b3 Nc5 25. Rc1 Qe7 26. c4 b5 27. Bxc5 Rxc5 28. cxb5 Bxb5 29. a4 Ba6 30. b4 Rcc8 31. b5 Bb7 32. Qxd3 Ra8 33. Qe3 a6 34. b6 Rfc8 35. a5 Qd7 36. g5 Be7 37. Qb3 Kg7 38. Qb2 f6 39. Rg2 Rxc1 40. Qxc1 Rc8 41. Qe3 Qb5 42. gxf6+ Bxf6 43. Nh5+ Kf7 44. Nxf6 Kxf6 45. Qg5+ Kf7 46. Qh4 Rh8 47. Ng5+ Ke8 48. Ne6 Qd7 49. Qf6 Rg8 50. Nc7+ 1-0


[Site "https://www.chess.com"]

[Event "Titled Tuesday Blitz August 16 Early 2022"]
[White "Matveeva, Olga"]
[Black "O`Gorman, Tom"]
[WhiteFideId "24107018"]
[BlackFideId "2508249"]
[WhiteElo "2168"]
[BlackElo "2389"]
[Result "0-1"]
[Round "07"]
[TimeControl "180+2"]
[Date "2022.08.18"]
[WhiteClock "0:00:00"]
[BlackClock "0:00:00"]

1. d4 d5 2. c4 c6 3. Nf3 Nf6 4. Qb3 Nbd7 5. g3 e6 6. Bg2 Bd6 7. O-O O-O 8. Nc3 b6 9. Re1 Ba6 10. cxd5 cxd5 11. e4 dxe4 12. Nxe4 Nxe4 13. Rxe4 Bb7 14. Rh4 Be7 15. Rg4 Nf6 16. Rf4 Rc8 17. Be3 Nd5 18. Rg4 f5 19. Rh4 Bxh4 20. Nxh4 f4 21. Bxf4 Rxf4 22. gxf4 Qxh4 23. f5 Qg5 24. fxe6 Nf4 25. e7+ Bd5 26. Qg3 Ne2+ 0-1


[Site "https://www.chess.com"]

[Event "Titled Tuesday Blitz August 16 Early 2022"]
[White "Melikhov, Evgeny V."]
[Black "Maiorov, Nikita"]
[WhiteFideId "4122046"]
[BlackFideId "13501720"]
[WhiteElo "1963"]
[BlackElo "2409"]
[Result "1/2-1/2"]
[Round "07"]
[TimeControl "180+2"]
[Date "2022.08.18"]
[WhiteClock "0:00:00"]
[BlackClock "0:00:00"]

1. d4 Nf6 2. c4 e6 3. Nc3 d5 4. cxd5 exd5 5. Bg5 c6 6. Qc2 Be7 7. e3 Nbd7 8. Bd3 h6 9. Bh4 Nh5 10. Bxe7 Qxe7 11. Nge2 O-O 12. O-O-O Nhf6 13. Rhg1 b5 14. g4 b4 15. Na4 Ne4 16. Bxe4 dxe4 17. Nc5 Re8 18. h3 a6 19. Kb1 a5 20. Rc1 Ba6 21. Nxa6 Rxa6 22. Ng3 a4 23. Qc4 Rb6 24. Nf5 Qf6 25. Rc2 b3 26. axb3 axb3 27. Rc3 Reb8 28. Qa4 g6 29. Nxh6+ Kg7 30. d5 Ne5 31. dxc6 Rxc6 32. Rxc6 Nxc6 33. Qxe4 Nb4 34. g5 Qd6 35. Qd4+ Qxd4 36. exd4 Re8 37. Ng4 Re2 38. Ne5 Rxf2 39. Rd1 Nd5 40. Kc1 Rc2+ 41. Kb1 Rf2 42. Kc1 Rc2+ 43. Kb1 Rf2 1/2-1/2


[Site "https://www.chess.com"]

[Event "Titled Tuesday Blitz August 16 Early 2022"]
[White "Melikyan, Gnel"]
[Black "Ajay Krishna, S"]
[WhiteFideId "54109990"]
[BlackFideId "5096430"]
[WhiteElo "1772"]
[BlackElo "2247"]
[Result "1-0"]
[Round "07"]
[TimeControl "180+2"]
[Date "2022.08.18"]
[WhiteClock "0:00:00"]
[BlackClock "0:00:00"]

1. e4 e6 2. d4 d5 3. e5 c5 4. c3 Nc6 5. Nf3 Qb6 6. a3 c4 7. Nbd2 Na5 8. g3 Bd7 9. h4 O-O-O 10. Bh3 Ne7 11. O-O Kb8 12. Re1 h6 13. h5 Qc7 14. Kh2 Nc8 15. Nh4 Nb6 16. f4 Ba4 17. Qe2 Bc2 18. Rg1 Bd3 19. Qe3 Be7 20. Nhf3 Rdg8 21. g4 g6 22. Ne1 gxh5 23. Nxd3 hxg4 24. Bxg4 cxd3 25. Qxd3 Nbc4 26. Nxc4 Nxc4 27. b3 Nb6 28. a4 Qd8 29. Bd2 Bh4 30. Bh5 Bf2 31. Rxg8 Rxg8 32. Qh3 Rg3 33. Qxg3 Bxg3+ 34. Kxg3 Qf8 35. Kh3 Nc8 36. c4 dxc4 37. bxc4 a6 38. Bf3 Qd8 39. Rb1 b6 40. Be3 Qe7 41. c5 Qd7 42. cxb6 Qxa4 43. b7 Na7 44. d5 Nb5 45. d6 Nd4 46. Be4 Nb3 47. d7 Qxd7 48. Rxb3 Qd1 49. Ba7+ 1-0


[Site "https://www.chess.com"]

[Event "Titled Tuesday Blitz August 16 Early 2022"]
[White "Mikhalsky, Vladimir"]
[Black "Martin, Lewis"]
[WhiteFideId "14144352"]
[BlackFideId "410551"]
[WhiteElo "2301"]
[BlackElo "2145"]
[Result "1-0"]
[Round "07"]
[TimeControl "180+2"]
[Date "2022.08.18"]
[WhiteClock "0:00:00"]
[BlackClock "0:00:00"]

1. d4 d5 2. c4 c6 3. Nf3 Nf6 4. Nc3 dxc4 5. a4 Bf5 6. Ne5 e6 7. f3 Bb4 8. e4 Bxe4 9. fxe4 Nxe4 10. Bd2 Qxd4 11. Nxe4 Qxe4+ 12. Qe2 Bxd2+ 13. Kxd2 Qd5+ 14. Kc3 Na6 15. Nxc4 O-O 16. Qe5 Rac8 17. Bd3 f6 18. Qe4 g6 19. Rhe1 Nc5 20. Qe3 Rfd8 21. Be4 Qh5 22. Bf3 Qf5 23. Rad1 b5 24. Nd6 Nxa4+ 25. Kb4 c5+ 26. Ka5 Rxd6 27. Rxd6 Nb6 28. Qxe6+ Qxe6 29. Rdxe6 Nc4+ 30. Ka6 Nxb2 31. Kxb5 Rb8+ 32. Kc6 Nd3 33. Re8+ Rxe8 34. Rxe8+ Kf7 35. Ra8 c4 36. Rxa7+ Ke6 37. Bd5+ Ke5 38. Bxc4 Nf4 39. g3 Nh3 40. Bf1 Nf2 41. Ra4 Ng4 42. Rxg4 1-0


[Site "https://www.chess.com"]

[Event "Titled Tuesday Blitz August 16 Early 2022"]
[White "Miszler, Levente"]
[Black "Lebedev, Artem S."]
[WhiteFideId "763276"]
[BlackFideId "34272747"]
[WhiteElo "1966"]
[BlackElo "1699"]
[Result "1-0"]
[Round "07"]
[TimeControl "180+2"]
[Date "2022.08.18"]
[WhiteClock "0:00:00"]
[BlackClock "0:00:00"]

1. Nf3 d5 2. c4 e6 3. g3 Nf6 4. Bg2 Be7 5. O-O O-O 6. Qc2 c5 7. cxd5 Nxd5 8. a3 Nc6 9. Nc3 b6 10. Rd1 Bb7 11. d4 cxd4 12. Nxd4 Nxd4 13. Rxd4 Qc7 14. Bf4 Nxf4 15. Rxf4 Bxg2 16. Kxg2 Bf6 17. Rc1 Rac8 18. Qe4 Qc6 19. Qxc6 Rxc6 20. Rf3 Rfc8 21. Rd1 Bxc3 22. bxc3 g6 23. Rd7 f5 24. Rxa7 Rxc3 25. Rf4 R8c7 26. Ra6 Rb3 27. Rd4 Rb7 28. e3 Kf7 29. a4 Kf6 30. Rd6 Ke5 31. Rc6 Kd5 32. Rc8 h5 33. Rg8 Rb2 34. Rxg6 Rc7 35. e4+ Kxe4 36. Rxe6+ Kd5 37. Rexb6 Ra2 38. Rb5+ Ke4 39. Re6+ Kd3 40. Re3+ Kd4 41. Rxf5 Rcc2 42. Ref3 1-0


[Site "https://www.chess.com"]

[Event "Titled Tuesday Blitz August 16 Early 2022"]
[White "Mitrabha, Guha"]
[Black "De La Colina, Nicolas"]
[WhiteFideId "5057000"]
[BlackFideId "30946921"]
[WhiteElo "2499"]
[BlackElo "2046"]
[Result "1-0"]
[Round "07"]
[TimeControl "180+1"]
[Date "2022.08.16"]
[WhiteClock "0:00:58"]
[BlackClock "0:00:01"]

1. e4 c5 2. Nf3 Nc6 3. Bb5 Nf6 4. Nc3 g6 5. O-O Bg7 6. Re1 O-O 7. d3 d5 8. e5 Ne8 9. Bxc6 bxc6 10. h3 f6 11. Bf4 Nc7 12. Bg3 f5 13. Bf4 Ne6 14. Bd2 Ba6 15. Ng5 Nxg5 16. Bxg5 c4 17. d4 Bb5 18. b3 h6 19. Bc1 Qa5 20. Bd2 Qc7 21. h4 e6 22. Qc1 Kh7 23. g3 Rfb8 24. Kg2 a5 25. Qd1 c5 26. Be3 cxd4 27. Bxd4 Bd7 28. Rb1 Rb7 29. Qd2 Rab8 30. Qe3 a4 31. bxa4 Rxb1 32. Rxb1 Rxb1 33. Nxb1 Bxa4 34. Qc3 Bd7 35. Nd2 Qc6 36. Nf3 Qa4 37. a3 Bc6 38. Qb2 Qa6 39. Qb8 Qa8 40. Qc7 Qb7 41. Qd8 Qd7 42. Qa5 Qb7 43. c3 Bf8 44. a4 Bg7 45. Kh2 Qd7 46. Bc5 Bxa4 47. Bd6 Bc2 48. Nd4 Be4 49. Qa6 Qf7 50. Bb8 g5 51. Qxe6 Qh5 52. Nxf5 1-0


[Site "https://www.chess.com"]

[Event "Titled Tuesday Blitz August 16 Early 2022"]
[White "Molina, Roberto Junio Brito"]
[Black "Sirosh, Ilja"]
[WhiteFideId "2109450"]
[BlackFideId "4500458"]
[WhiteElo "2403"]
[BlackElo "2255"]
[Result "1/2-1/2"]
[Round "07"]
[TimeControl "180+2"]
[Date "2022.08.18"]
[WhiteClock "0:00:00"]
[BlackClock "0:00:00"]

1. d4 Nf6 2. Nf3 g6 3. e3 Bg7 4. Be2 O-O 5. O-O c5 6. dxc5 Qc7 7. a3 Ne4 8. Nd4 Nxc5 9. b4 Ne6 10. c3 Nxd4 11. cxd4 d6 12. Bb2 Bf5 13. Nc3 Nc6 14. Rc1 Qd8 15. e4 Bd7 16. d5 Nb8 17. Bd3 Na6 18. Qd2 Nc7 19. h4 h5 20. g3 a5 21. b5 Ne8 22. a4 Qb6 23. Ne2 Bxb2 24. Qxb2 Nf6 25. Qd4 Qxd4 26. Nxd4 Rfc8 27. Nb3 b6 28. Nd4 Rc5 29. Nb3 Rcc8 30. f3 Kf8 31. Kf2 Bh3 32. Rh1 Rxc1 33. Rxc1 Rc8 34. Rc6 Bd7 35. Nd4 Bxc6 36. bxc6 Ne8 37. Ba6 Rc7 38. Nb5 e5 39. Nxc7 Nxc7 40. Be2 f5 41. Ke3 Kg7 42. f4 Kf6 43. Bd3 fxe4 44. Kxe4 exf4 45. gxf4 Ne8 46. Bf1 Nc7 47. Bh3 Ne8 48. Kd4 Nc7 49. Kc4 Ke7 50. Bg2 Kf6 51. Be4 Kf7 52. Bd3 Kf6 53. Bc2 Kf7 54. Kd4 Kf6 55. Bd3 Kf7 56. Ke4 Kf6 57. Bc4 Ne8 58. Bd3 Nc7 59. Kd4 Kf7 60. f5 gxf5 61. Bxf5 Kf6 62. Bd3 Ne8 63. Be2 Kg6 64. Ke4 Nc7 65. Bd3 Ne8 66. Kf4+ Kf6 67. Be2 Kg6 68. Ke4 Nc7 69. Kd4 Kh6 70. Bd3 Kg7 71. Be2 Kh6 72. Bd1 Kg6 73. Be2 Kh6 1/2-1/2


[Site "https://www.chess.com"]

[Event "Titled Tuesday Blitz August 16 Early 2022"]
[White "Munkhgal, Gombosuren"]
[Black "Barrientos, Sergio E"]
[WhiteFideId "4901266"]
[BlackFideId "4401824"]
[WhiteElo "2576"]
[BlackElo "2397"]
[Result "1-0"]
[Round "07"]
[TimeControl "180+1"]
[Date "2022.08.16"]
[WhiteClock "0:02:31"]
[BlackClock "0:02:22"]

1. d4 Nf6 2. Bf4 e6 3. e3 c5 4. Nf3 cxd4 5. exd4 b6 6. c3 Bb7 7. Nbd2 d6 8. Bd3 Be7 9. O-O Nbd7 10. h3 O-O 11. Bh2 Qc7 12. Re1 a6 13. a4 Rfe8 14. Ne4 Nxe4 15. Bxe4 Bxe4 16. Rxe4 Qc6 17. Re2 b5 18. d5 exd5 19. Qe1 Kf8 20. Nd4 Qb6 21. a5 Qd8 22. Nc6 Qc7 23. Nxe7 Nf6 24. Nf5 1-0


[Site "https://www.chess.com"]

[Event "Titled Tuesday Blitz August 16 Early 2022"]
[White "Nakamura, Hikaru"]
[Black "Ibarra Jerez, Jose Carlos"]
[WhiteFideId "2016192"]
[BlackFideId "2226332"]
[WhiteElo "2850"]
[BlackElo "2628"]
[Result "1-0"]
[Round "07"]
[TimeControl "180+1"]
[Date "2022.08.16"]
[WhiteClock "0:00:14"]
[BlackClock "0:00:01"]

1. g3 Nf6 2. Bg2 g6 3. d3 d5 4. Nc3 Bg7 5. Bd2 c5 6. Qc1 h6 7. e4 d4 8. Nd1 Nc6 9. Ne2 e5 10. h3 Be6 11. b3 b5 12. a4 a6 13. Nb2 Rc8 14. axb5 axb5 15. O-O c4 16. bxc4 bxc4 17. dxc4 g5 18. c5 Nd7 19. Nd3 Qe7 20. Qa3 O-O 21. f4 f6 22. fxg5 hxg5 23. g4 Ra8 24. Qxa8 Rxa8 25. Rxa8+ Kh7 26. Ra6 Ncb8 27. Ra7 Qd8 28. Rfa1 Qc8 29. Ra8 Qc6 30. Ng3 Bf8 31. Bb4 Qb5 32. Bf1 Bc4 33. R1a5 Qb7 34. R5a7 Qb5 35. c6 Qxc6 36. Bxf8 Bxd3 37. Bxd3 Qc3 38. Rxb8 Qe1+ 39. Nf1 Kg6 40. Rxd7 Qxf1+ 41. Kxf1 f5 42. Rb6# 1-0


[Site "https://www.chess.com"]

[Event "Titled Tuesday Blitz August 16 Early 2022"]
[White "Namitbir Singh Walia"]
[Black "Kononenko, Dmitry"]
[WhiteFideId "35071068"]
[BlackFideId "14113538"]
[WhiteElo "1664"]
[BlackElo "2129"]
[Result "1/2-1/2"]
[Round "07"]
[TimeControl "180+2"]
[Date "2022.08.18"]
[WhiteClock "0:00:00"]
[BlackClock "0:00:00"]

1. e4 d5 2. exd5 Qxd5 3. d4 Nf6 4. c4 Qe4+ 5. Be2 Nc6 6. Nf3 Bg4 7. Nc3 Qf5 8. Be3 O-O-O 9. d5 e6 10. Nh4 Qh5 11. h3 Bxe2 12. Qxe2 Qxe2+ 13. Kxe2 Ne5 14. dxe6 fxe6 15. b3 Bb4 16. Na4 b6 17. Rad1 Ne4 18. Nf3 Nxf3 19. Kxf3 Nd6 20. Ke2 Kb7 21. Rd3 Ne4 22. Rhd1 Rxd3 23. Rxd3 Kc6 24. Bd4 Rd8 25. Bxg7 Rg8 26. Re3 Nxf2 27. Kxf2 Rxg7 28. Rxe6+ Kd7 29. Rf6 Re7 30. Rf3 Be1+ 31. Kf1 Bb4 32. Nc3 c6 33. Ne2 Kc7 34. g4 a5 35. h4 b5 36. cxb5 cxb5 37. Nd4 Kb6 38. Rf6+ Kc5 39. Nc6 Re1+ 40. Kf2 Ra1 41. Nxb4 Kxb4 42. Rf4+ Ka3 43. Rf5 Rxa2+ 44. Kg3 Kb4 45. g5 Rb2 46. Rf4+ Kxb3 47. h5 a4 48. g6 hxg6 49. hxg6 Rb1 50. Rg4 Rd1 51. g7 Rd8 52. g8=Q+ Rxg8 53. Rxg8 a3 54. Kf2 a2 55. Ra8 Kb2 56. Ke3 a1=Q 57. Rxa1 Kxa1 58. Kd4 Ka2 59. Kc5 b4 60. Kxb4 1/2-1/2


[Site "https://www.chess.com"]

[Event "Titled Tuesday Blitz August 16 Early 2022"]
[White "Navarrete Mendez, Gonzalo Alberto"]
[Black "Zenin, Dmitry"]
[WhiteFideId "5106850"]
[BlackFideId "4127897"]
[WhiteElo "2261"]
[BlackElo "2215"]
[Result "1/2-1/2"]
[Round "07"]
[TimeControl "180+2"]
[Date "2022.08.18"]
[WhiteClock "0:00:00"]
[BlackClock "0:00:00"]

1. e4 g6 2. Nf3 Bg7 3. Nc3 d6 4. d4 a6 5. Bc4 b5 6. Bb3 Bb7 7. Ng5 e6 8. Bxe6 fxe6 9. Nxe6 Qd7 10. Nd5 Bxd5 11. exd5 Nf6 12. O-O Kf7 13. Ng5+ Kg8 14. Re1 c6 15. Qf3 Qf5 16. Qg3 Qxd5 17. Ne6 Ra7 18. Bg5 Nbd7 19. Nf4 Qf5 20. Re7 Ra8 21. Rae1 Rf8 22. Ne6 Rf7 23. Qxd6 Qd5 24. Rxf7 Kxf7 25. Nd8+ Kg8 26. Qe7 Bf8 27. Qe3 h6 28. Bxf6 Nxf6 29. Ne6 Kh7 30. Nf4 Qf7 31. Qh3 Bg7 32. Ne6 Re8 33. Kf1 Kg8 34. b3 Nd5 35. g3 Nc7 36. Nxc7 Rxe1+ 37. Kxe1 Qxc7 38. Qe6+ Qf7 39. Qc8+ Kh7 40. Qxc6 Bxd4 41. f4 Qe7+ 42. Kf1 Qf6 43. Qb7+ Kg8 44. Kg2 Bc3 45. Qc8+ Kh7 46. h3 h5 47. g4 hxg4 48. hxg4 Bd4 49. Qd7+ Qg7 50. Qe6 Qf8 51. Qd7+ Bg7 52. Kf3 Qc5 53. Qd3 Qc6+ 54. Kg3 Qc5 55. f5 gxf5 56. gxf5 Bf6 57. Kg4 Kh6 58. Qh3+ Kg7 59. Qd3 Qe5 60. Qd7+ Qe7 61. Qc6 Kh7 62. Qxa6 Qe2+ 63. Kf4 Qf2+ 64. Ke4 Qd4+ 65. Kf3 Qe5 66. Qb7+ Kh6 67. Qe4 Qc3+ 68. Qe3+ Kg7 69. Qxc3 Bxc3 70. Ke4 b4 71. Kd3 Be1 72. Kc4 Kf6 73. Kb5 Kxf5 74. Ka4 Ke5 75. a3 bxa3 76. Kxa3 Kd5 77. Ka4 Kc5 78. Ka3 Kb5 79. Kb2 Kc5 80. Kc1 Kd5 81. Kd1 Bb4 82. Ke2 Kc5 83. Kd3 Kd5 84. Ke3 Kc5 85. Kd3 Kd5 86. c3 Bc5 87. Kc2 Kc6 88. Kd3 Bd6 89. Kc4 Bc5 90. b4 Bd6 91. Kb3 Kb5 92. c4+ Kb6 93. Kc3 Be7 94. Kb3 Bd6 95. Ka4 Be7 96. Ka3 Bd6 97. Kb3 Be7 98. Kc3 Bd6 99. Kb3 Be7 100. Kc3 Bd6 101. Kb3 1/2-1/2


[Site "https://www.chess.com"]

[Event "Titled Tuesday Blitz August 16 Early 2022"]
[White "Novikova, Galina"]
[Black "Kiseljova, Marya"]
[WhiteFideId "4157095"]
[BlackFideId "4155009"]
[WhiteElo "1923"]
[BlackElo "1697"]
[Result "1-0"]
[Round "07"]
[TimeControl "180+2"]
[Date "2022.08.18"]
[WhiteClock "0:00:00"]
[BlackClock "0:00:00"]

1. e4 c5 2. Nf3 Nc6 3. d4 cxd4 4. Nxd4 g6 5. Nc3 Bg7 6. Be3 Nf6 7. Nxc6 bxc6 8. e5 Nd5 9. Nxd5 cxd5 10. Qxd5 Rb8 11. O-O-O Qc7 12. f4 Bb7 13. Qc5 Rc8 14. Qxc7 Rxc7 15. Rg1 O-O 16. Bd3 Bd5 17. Bxg6 Bxa2 18. Be4 Rfc8 19. Rd2 f6 20. Bd4 Bh6 21. g3 fxe5 22. Bxe5 d6 23. Bc3 Kf8 24. Bd5 Bc4 25. Bxc4 Rxc4 26. Rd5 Re4 27. Rg2 Kf7 28. Ra5 e5 29. Rxa7+ Kg6 30. Ra6 exf4 31. gxf4+ Kh5 32. Kb1 Bxf4 33. Ra7 Be5 34. Rxh7# 1-0


[Site "https://www.chess.com"]